[Event "*** Titled Tuesday Blitz"]
[Site "Chess.com"]
[Date "2020.05.05"]
[Round "8"]
[White "LiamVrolijk"]
[Black "viktorskliarov"]
[Result "1-0"]
[WhiteElo "2743"]
[BlackElo "2576"]
[TimeControl "180+1"]
[EndTime "11:35:31 PDT"]
[Termination "LiamVrolijk won by resignation"]

1. d4 Nf6 2. Bg5 Ne4 3. Bf4 c5 4. f3 Qa5+ 5. c3 Nf6 6. d5 Qb6 7. b3 e6 8. e4 exd5 9. exd5 Bd6 10.
Bg3 Bxg3+ 11. hxg3 O-O 12. c4 Re8+ 13. Kf2 Ng4+ 14. fxg4 Qf6+ 15. Nf3 Qxa1 16. Qc2 Qf6 17. Qxh7+ Kf8 18. Bd3 d6 19. Qh8+ Ke7 20. Re1+ Be6 21.
Qh4 Qxh4 22. gxh4 Nd7 23. Nc3 Kf8 24. dxe6 Rxe6 25. Rd1 Ne5 26. Bf5 Rh6 27. g5 Rh8 28. Nxe5 dxe5 29. g3 g6 30. Be4 Kg7 31. Bxb7 Rad8 32. Bd5 Rhf8 33. Ne4 Rc8 34. Ke3 a5 35. Rf1 Rc7 36. Rf6 Rb8 37. Ra6 Rb4 38. Rxa5 Rb6 39.
Nxc5 1-0

[Event "*** Titled Tuesday Blitz"]
[Site "Chess.com"]
[Date "2020.05.05"]
[Round "8"]
[White "Jaka_Brilej"]
[Black "GM4life"]
[Result "1-0"]
[WhiteElo "2375"]
[BlackElo "2176"]
[TimeControl "180+1"]
[EndTime "11:35:31 PDT"]
[Termination "Jaka_Brilej won on time"]

1. e4 c5 2. Nf3 d6 3. d4 cxd4 4. Nxd4 Nf6 5. Nc3 a6 6. f3 e5 7. Nb3 Be6 8. Be3 Be7 9. Qd2 O-O 10. O-O-O Nbd7 11. g4 b5 12. g5 b4 13. Ne2 Ne8 14.
f4 a5 15. f5 a4 16. Nbd4 exd4 17. Nxd4 b3 18. cxb3 axb3 19. a3 Nc5 20. fxe6 Nxe4 21. Qg2 Nxg5 22. exf7+ Rxf7 23. Kb1 Rc8 24. Bd3 Qd7 25.
h4 Ne6 26. Bf5 N8c7 27. Rhf1 Rcf8 28. Nxe6 Nxe6 29. Qd5 Rf6 30. Bd4 Rh6 31. Rg1 Rf7 32. Rde1 Rxf5 33. Qxf5 Bf8 34. Qd5 Qf7 35. Rgf1 Qg6+ 36.
Ka1 Qg4 37. Rxf8+ 1-0

[Event "*** Titled Tuesday Blitz"]
[Site "Chess.com"]
[Date "2020.05.05"]
[Round "8"]
[White "czasnaszachy"]
[Black "Konovalova_Vera"]
[Result "0-1"]
[WhiteElo "2252"]
[BlackElo "2105"]
[TimeControl "180+1"]
[EndTime "11:35:32 PDT"]
[Termination "Konovalova_Vera won by checkmate"]

1. d4 f5 2. g3 Nf6 3. Bg2 c6 4. Nf3 e6 5. O-O d5 6. c4 Be7 7.
Nc3 O-O 8. Qc2 Nbd7 9. cxd5 cxd5 10. Bf4 b6 11. Nb5 Bb7 12. Nc7 Rc8 13. Rac1 Nb8 14. Qa4 Bc6 15. Rxc6 Nxc6 16. Qxc6 Kh8 17. Rc1 Ne4 18. Qxe6 Bd6 19. Bxd6 Qxd6 20. Qxd6 Nxd6 21.
Rc3 Ne4 22. Ne6 Nxc3 23. Nxf8 Nxe2+ 24. Kf1 Nc1 25. Ne6 Nxa2 26. Nf4 Rc1+ 27. Ke2 Rc2+ 28.
Nd2 Rxb2 29. Nxd5 g6 30. Kd3 Kg7 31. Nc3 Nc1+ 32. Ke3 Rc2 33. Nb5 a6 34. Nd6 Kf6 35. Bb7 Rc3+ 36. Kf4 g5# 0-1

[Event "*** Titled Tuesday Blitz"]
[Site "Chess.com"]
[Date "2020.05.05"]
[Round "8"]
[White "Safar_From_Afar"]
[Black "Shivagami"]
[Result "0-1"]
[WhiteElo "2273"]
[BlackElo "2162"]
[TimeControl "180+1"]
[EndTime "11:35:33 PDT"]
[Termination "Shivagami won by checkmate"]

1. e4 c5 2. Nc3 e6 3. Nf3 d5 4.
exd5 exd5 5. Bb5+ Bd7 6. Bxd7+ Qxd7 7. O-O Be7 8. d4 c4 9. Ne5 Qd8 10. Qh5 g6 11. Qf3 Nf6 12. Bg5 O-O 13. Bxf6 Bxf6 14.
Nxd5 Bg7 15. c3 Bxe5 16. dxe5 Nc6 17. Rfe1 Qg5 18. Qg3 Qf5 19. Rad1 Rad8 20. Qh4 h5 21. Nf6+ Kg7 22. g4 Qf4 23. Rxd8 Rxd8 24. Re4 Qc1+ 25. Kg2 Rd1 26. gxh5 Rg1+ 27. Kf3 Qd1+ 28. Re2 Qd3+ 29. Re3 Nxe5+ 30. Kf4 Qf5# 0-1

[Event "*** Titled Tuesday Blitz"]
[Site "Chess.com"]
[Date "2020.05.05"]
[Round "8"]
[White "lamomiablanca"]
[Black "cukus"]
[Result "0-1"]
[WhiteElo "2164"]
[BlackElo "2509"]
[TimeControl "180+1"]
[EndTime "11:35:34 PDT"]
[Termination "cukus won by resignation"]

1. Nf3 c5 2. g3 Nc6 3. Bg2 g6 4. O-O Bg7 5. d3 d5 6. Nbd2 e5 7. e4 Nge7 8. c3 O-O 9. exd5 Nxd5 10. Re1 Re8 11. Ng5 h6 12. Qb3 Nce7 13. Ngf3 Nc6 14. Qb5 Nf6 15. Qxc5 Qxd3 16. Nxe5 Nxe5 17. Rxe5 Bf5 18.
Re3 Nd7 19. Rxd3 Nxc5 20. Re3 Rxe3 21. fxe3 Rd8 22. Bf3 Nd3 23. Nc4 Ne1 24. Bxb7 Nc2 25. Rb1 Nxe3 26. Bxe3 Bxb1 27. a4 Rd1+ 28. Kf2 Bd3 29.
Nd2 Ra1 30. Bc6 a5 31. Bd4 Ra2 32. Bxg7 Kxg7 33. Ke3 Bf5 34. b4 Ra3 35. Kd4 axb4 36.
Nc4 Rxc3 37. a5 Be6 38. a6 Rxc4+ 39. Ke5 Rxc6 0-1

[Event "*** Titled Tuesday Blitz"]
[Site "Chess.com"]
[Date "2020.05.05"]
[Round "8"]
[White "TregubovP"]
[Black "Zurability"]
[Result "1-0"]
[WhiteElo "2519"]
[BlackElo "2677"]
[TimeControl "180+1"]
[EndTime "11:35:35 PDT"]
[Termination "TregubovP won on time"]

1. e4 g6 2. d4 Bg7 3. Nf3 d6 4. Nc3 a6 5. Be2 b5 6. O-O Bb7 7. a4 b4 8. Na2 Bxe4 9. Nxb4 Nf6 10. Ng5 Bb7 11. Bf3 Qc8 12. d5 O-O 13. c4 c6 14. Re1 Re8 15. Bf4 a5 16. dxc6 Nxc6 17.
Nd5 Nd7 18. Qd2 Nce5 19. Bxe5 Bxe5 20. Rac1 Ra7 21. Nc3 Nc5 22. Nb5 Ra8 23. Qc2 Bf4 24. h4 Bxc1 25. Rxc1 h5 26. Qd1 Rb8 27. Nd4 Rf8 28.
Bxh5 gxh5 29. Qxh5 Be4 30. Nxe4 Nxe4 31. Rc3 Re8 32. Nf5 Qe6 33. Qg4+ Qg6 34. Qxe4 1-0

[Event "*** Titled Tuesday Blitz"]
[Site "Chess.com"]
[Date "2020.05.05"]
[Round "8"]
[White "RubensCezila"]
[Black "ElGasanov"]
[Result "0-1"]
[WhiteElo "2480"]
[BlackElo "2714"]
[TimeControl "180+1"]
[EndTime "11:35:35 PDT"]
[Termination "ElGasanov won on time"]

1. e4 e5 2. Nf3 Nc6 3. Bb5 g6 4.
O-O Bg7 5. Re1 Nge7 6. c3 a6 7. Ba4 O-O 8. d4 d6 9. h3 b5 10. Bb3 Na5 11. Bc2 c5 12. a4 c4 13.
Bg5 h6 14. Be3 Qc7 15. Qc1 Kh7 16. Nbd2 Bd7 17. Nf1 Rfb8 18. Ng3 b4 19. cxb4 Nac6 20. dxe5 dxe5 21. Bc5 Be6 22. Rd1 Rb7 23. Nf5 gxf5 24. exf5 Nxf5 25. Nh4 Nxb4 26. Bxb4 Rxb4 27. Nxf5 Bxf5 28.
Bxf5+ Kh8 29. Rd7 Qb6 30. Rxf7 Rxb2 31. Be4 Rf8 32. Rb1 c3 33. Rxf8+ Bxf8 34. Rxb2 cxb2 35. Qd1 Qf6 36. Bb1 e4 37. Bxe4 Bc5 38. Qe1 Qe5 39. Kh1 Qf4 0-1

[Event "*** Titled Tuesday Blitz"]
[Site "Chess.com"]
[Date "2020.05.05"]
[Round "8"]
[White "norwaytoadog"]
[Black "RAU4ever"]
[Result "1-0"]
[WhiteElo "2190"]
[BlackElo "2326"]
[TimeControl "180+1"]
[EndTime "11:35:35 PDT"]
[Termination "norwaytoadog won on time"]

1. e4 c5 2. Nf3 d6 3. Bb5+ Nd7 4.
d4 cxd4 5. Qxd4 a6 6. Bxd7+ Bxd7 7. c4 Nf6 8. Bg5 Qa5+ 9. Nc3 e5 10. Qd3 Bc6 11.
Bxf6 gxf6 12. O-O f5 13. exf5 O-O-O 14. Nd5 Bxd5 15. cxd5 Bh6 16. a3 Kb8 17. b4 Qb5 18. Qxb5 axb5 19. f6 Rc8 20. Ra2 Rhg8 21. h3 Rg6 22. Nh4 Rxf6 23. g4 Rg8 24. Kh1 Rf4 25. Nf5 Bf8 26. Rc2 h5 27. f3 hxg4 28. hxg4 Rgxg4 29. Ne3 Rh4+ 30. Rh2 Rxh2+ 31. Kxh2 Rd4 32. Nf5 Rxd5 33.
Rg1 Kc7 34. Rg8 Rd3 35. Rxf8 Rxf3 36. Rxf7+ Kc6 37. Ne7+ 1-0

[Event "*** Titled Tuesday Blitz"]
[Site "Chess.com"]
[Date "2020.05.05"]
[Round "8"]
[White "FMOlexandrProhorov"]
[Black "Char_dasha"]
[Result "0-1"]
[WhiteElo "2062"]
[BlackElo "2254"]
[TimeControl "180+1"]
[EndTime "11:35:35 PDT"]
[Termination "Char_dasha won by resignation"]

1. e4 c5 2. c3 g6 3. d4 cxd4 4.
c4 Bg7 5. Nf3 Nc6 6. Na3 Nf6 7.
Bd3 O-O 8. Nc2 e5 9. O-O d6 10. h3 Nh5 11. b4 Nf4 12. Bxf4 exf4 13. b5 Ne5 14. Nfxd4 Qg5 15. Nf3 Nxf3+ 16. Qxf3 Bxa1 17. Rxa1 Qe5 18. Rd1 Be6 19. Nb4 Kh8 20. Be2 g5 21. Nd3 Qc3 22. Qh5 Rg8 23. Bf3 Qxc4 24. e5 d5 25. Bg4 Qe4 26. Bxe6 fxe6 27. Nc5 Qf5 28. Nd7 Rg7 29. Nf6 Qxe5 30. Ng4 Qf5 31. Re1 Rag8 32.
Ne5 d4 33. Qf3 Rd8 34. g4 fxg3 35. Qxg3 d3 36. Rd1 d2 37. Qe3 Qc2 38. Qe2 Rc7 39. Ng4 Qxd1+ 40. Qxd1 Rc1 41. Kg2 Rxd1 0-1

[Event "*** Titled Tuesday Blitz"]
[Site "Chess.com"]
[Date "2020.05.05"]
[Round "8"]
[White "Nikithebest"]
[Black "ajdemipopushi"]
[Result "0-1"]
[WhiteElo "2423"]
[BlackElo "2295"]
[TimeControl "180+1"]
[EndTime "11:35:36 PDT"]
[Termination "ajdemipopushi won on time"]

1. e4 c5 2. Nf3 g6 3. d4 cxd4 4.
Qxd4 Nf6 5. Nc3 Nc6 6. Qa4 d6 7. e5 Ng4 8. Bb5 Nxe5 9. Nxe5 dxe5 10. Bxc6+ bxc6 11. Qxc6+ Bd7 12. Qe4 Bg7 13. O-O Qc8 14. Bg5 f6 15. Be3 Be6 16. Nd5 Kf7 17. c4 f5 18. Qd3 e4 19. Qd2 Qxc4 20. Nf4 Rhd8 21. Qa5 Bxb2 22. Nxe6 Qxe6 23. Rab1 Bf6 24. Rb7 Rd5 25. Qa3 a5 26. g3 Rad8 27. Kg2 R8d7 28.
Rfb1 g5 29. R1b6 R7d6 30. Bc5 Rxb6 31. Rxb6 Qe5 32. Be3 f4 33. Qb3 fxe3 34. Rb5 Ke6 35.
Rb6+ Kf5 36. fxe3 Kg6 0-1

[Event "*** Titled Tuesday Blitz"]
[Site "Chess.com"]
[Date "2020.05.05"]
[Round "8"]
[White "petrkostenko"]
[Black "archess2"]
[Result "0-1"]
[WhiteElo "2423"]
[BlackElo "2289"]
[TimeControl "180+1"]
[EndTime "11:35:36 PDT"]
[Termination "archess2 won on time"]

1. d4 d5 2. Bf4 c5 3. e3 Nc6 4. c3 Nf6 5. Nd2 Bg4 6. Qb3 Qc8 7. Ngf3 Bxf3 8. Nxf3 e6 9. Be2 c4 10. Qc2 Be7 11. h3 O-O 12. O-O b5 13. b3 Ne4 14.
bxc4 bxc4 15. Rab1 f5 16. Ne5 Nxe5 17. Bxe5 Bd6 18.
f3 Bxe5 19. fxe4 Bd6 20. exd5 exd5 21. Bf3 Qe6 22. Rfe1 Bg3 23. Re2 Rad8 24. Qa4 a6 25.
Qa5 Kh8 26. Kf1 f4 27. e4 dxe4 28. Rxe4 Qg6 29. Rb6 Qf7 30. Qxa6 Ra8 31. Qb5 Rxa2 32. Rb8 h6 33. Qb1 Rxb8 34. Qxb8+ Kh7 35. Qb1 Rf2+ 36. Kg1 g6 37. Re2 Rxe2 38. Bxe2 Qe7 39. Bxc4 f3 0-1

[Event "*** Titled Tuesday Blitz"]
[Site "Chess.com"]
[Date "2020.05.05"]
[Round "8"]
[White "BIG_Pirate"]
[Black "chesslh19"]
[Result "0-1"]
[WhiteElo "2292"]
[BlackElo "2175"]
[TimeControl "180+1"]
[EndTime "11:35:36 PDT"]
[Termination "chesslh19 won on time"]

1. Nf3 Nf6 2. c4 e6 3. g3 d5 4. Bg2 Be7 5. O-O O-O 6. d4 dxc4 7. Qc2 a6 8. a4 Bd7 9. Rd1 Bc6 10. Nc3 Bxf3 11.
Bxf3 c6 12. a5 Nbd7 13. e4 Qc7 14. Be3 Rfd8 15. Qa4 e5 16. d5 cxd5 17. exd5 Rac8 18. h3 Bc5 19. Bxc5 Nxc5 20. Qxc4 Qd6 21. Qb4 Nce4 22.
Qxb7 Nxc3 23. bxc3 Rxc3 24. Bg2 h5 25. Rab1 e4 26.
Rb6 Qc5 27. Rc6 Qa3 28. Rxc3 Qxc3 29. Qxa6 e3 30. Qb6 exf2+ 31. Kxf2 Qc2+ 32. Ke1 Re8+ 0-1

[Event "*** Titled Tuesday Blitz"]
[Site "Chess.com"]
[Date "2020.05.05"]
[Round "8"]
[White "The_Machine04"]
[Black "Grineva_Marianna"]
[Result "1-0"]
[WhiteElo "2301"]
[BlackElo "2149"]
[TimeControl "180+1"]
[EndTime "11:35:36 PDT"]
[Termination "The_Machine04 won by resignation"]

1. d4 d6 2. Nf3 Nf6 3. Nbd2 g6 4.
e4 Bg7 5. c3 O-O 6. Bc4 e6 7. O-O b6 8. Qe2 Bb7 9. Bd3 Nbd7 10. a4 c5 11. b4 Rc8 12. Bb2 Qe7 13. a5 cxb4 14. cxb4 d5 15. e5 Ne4 16. Nxe4 dxe4 17.
Bxe4 Bxe4 18. Qxe4 Rc4 19. Nd2 Nxe5 20. Nxc4 Nxc4 21. Bc3 b5 22. Rac1 Rd8 23. Rfd1 a6 24. d5 Bxc3 25. Rxc3 Qxb4 26. Rcd3 exd5 27. Rxd5 Rxd5 28.
Qxd5 Qxa5 29. Qc5 Kg7 30. Qd4+ Kg8 31. h4 Qc7 32. Qf6 Nd2 33. h5 gxh5 34. Qg5+ Kf8 35. Qxd2 Kg7 36. Qd4+ Kg6 37. Qd6+ Qxd6 38. Rxd6+ Kf5 39.
Rxa6 Ke4 40. Rb6 1-0

[Event "*** Titled Tuesday Blitz"]
[Site "Chess.com"]
[Date "2020.05.05"]
[Round "8"]
[White "Aygehovit1992"]
[Black "vladislavkovalev"]
[Result "0-1"]
[WhiteElo "2701"]
[BlackElo "2894"]
[TimeControl "180+1"]
[EndTime "11:35:37 PDT"]
[Termination "vladislavkovalev won by checkmate"]

1. e4 e5 2. Nf3 Nc6 3. Bb5 a6 4. Ba4 Nf6 5. d3 b5 6. Bb3 Bc5 7. c3 d6 8. Bg5 h6 9. Bh4 Rb8 10. Nbd2 Bb6 11. Nf1 g5 12. Bg3 Be6 13. Ne3 O-O 14.
h4 g4 15. Nh2 h5 16. Nd5 Bxd5 17. exd5 Ne7 18. f3 Nf5 19. Nf1 Kh8 20. Qd2 Rg8 21. Bf2 gxf3 22. Bxb6 fxg2 23. Rg1 cxb6 24. Ne3 Nxh4 25.
Bd1 Nh7 26. Bxh5 Qg5 27. Be2 Qg3+ 28. Kd1 f5 29. Kc2 f4 30. Nd1 f3 31. Kb3 Rbf8 32. Ne3 fxe2 33. Qxe2 Rf2 34. Qh5 Qxe3 35. Qxh4 Qf4 36. Qh3 Qa4# 0-1

[Event "*** Titled Tuesday Blitz"]
[Site "Chess.com"]
[Date "2020.05.05"]
[Round "8"]
[White "pedromartinez91"]
[Black "wanyaland"]
[Result "1-0"]
[WhiteElo "2532"]
[BlackElo "2326"]
[TimeControl "180+1"]
[EndTime "11:35:37 PDT"]
[Termination "pedromartinez91 won by resignation"]

1. e4 e5 2. Nf3 Nc6 3. Bb5 a6 4. Ba4 Nf6 5. O-O b5 6. Bb3 Bc5 7. d3 d6 8. c3 Bb6 9. a4 Rb8 10. axb5 axb5 11. Na3 b4 12. Nc4 bxc3 13. bxc3 O-O 14.
Nxb6 Rxb6 15. Be3 Rb8 16. h3 h6 17. Ba4 Ne7 18. Qc2 Ng6 19. d4 Nh5 20. Rfd1 Qf6 21. dxe5 dxe5 22. Ne1 Be6 23. Bc5 Rfd8 24. Rxd8+ Rxd8 25. Rd1 Rxd1 26. Qxd1 Nhf4 27. Bb3 Bxb3 28. Qxb3 Qc6 29.
Qb4 Qa6 30. Be3 Qa1 31. Kf1 Qd1 32. c4 Qe2+ 33. Kg1 Nh4 34. Bxf4 exf4 35. f3 Ng6 36. Qc3 Qd1 37. Kf2 c5 38. Nd3 Qh1 39. Qd2 Qh2 40. Kf1 Qh1+ 41. Kf2 Qh2 42. Nxc5 Nh4 43. Qd8+ 1-0

[Event "*** Titled Tuesday Blitz"]
[Site "Chess.com"]
[Date "2020.05.05"]
[Round "8"]
[White "THE_PLAYER6"]
[Black "aNaartjieZA"]
[Result "0-1"]
[WhiteElo "2421"]
[BlackElo "2587"]
[TimeControl "180+1"]
[EndTime "11:35:37 PDT"]
[Termination "aNaartjieZA won by resignation"]

1. d4 Nf6 2. c4 c5 3. d5 e5 4. Nc3 d6 5. e4 Be7 6. Be2 Nbd7 7. g4 Nf8 8. g5 N6d7 9. h4 h6 10.
gxh6 gxh6 11. Nf3 Bf6 12. Be3 a6 13. Qd2 h5 14. Ng5 Ng6 15. O-O-O Rb8 16. a4 Qa5 17. Rdg1 Ke7 18. Ne6 Ndf8 19. Nxf8 Kxf8 20. Bg5 Bg7 21. Bd1 Bd7 22. Rg3 b5 23. cxb5 axb5 24. Nxb5 Qxd2+ 25. Bxd2 Bxb5 26. axb5 Rxb5 27. Rhg1 Bf6 28. Bg5 Ke7 29. Rf3 Bxg5+ 30. Rxg5 Nf4 31. Rf5 Rb4 32. R3xf4 exf4 33.
Rxf4 Rhb8 34. Bxh5 f6 35. Rg4 Rxb2 36. Rg7+ Kf8 37. Rf7+ Kg8 38. Rxf6 Rb1+ 39. Kd2 R8b2+ 40. Ke3 c4 41. Kd4 Rc1 42. e5 Rd2+ 43. Ke3 c3 44. e6 Re1+ 45. Kf3 c2 46. Rg6+ Kh7 0-1

[Event "*** Titled Tuesday Blitz"]
[Site "Chess.com"]
[Date "2020.05.05"]
[Round "8"]
[White "Quattroporte300"]
[Black "shnitez"]
[Result "1-0"]
[WhiteElo "2333"]
[BlackElo "2481"]
[TimeControl "180+1"]
[EndTime "11:35:37 PDT"]
[Termination "Quattroporte300 won on time"]

1. e4 c5 2. Nf3 e6 3. d4 cxd4 4. Nxd4 a6 5. c4 Nf6 6. Nc3 Bb4 7. Qd3 d5 8. cxd5 exd5 9. exd5 O-O 10. Be2 Nxd5 11.
Bd2 Nxc3 12. Bxc3 Bxc3+ 13. Qxc3 Bd7 14. O-O Nc6 15. Rfd1 Qe7 16. Bf3 Rac8 17. Nxc6 Bxc6 18. Bxc6 Rxc6 19. Qf3 Rfc8 20. h3 h6 21. Rd5 Rc2 22. Rad1 Rxb2 23. Rd7 Qe6 24. R1d6 Qe1+ 25. Kh2 Qe5+ 26. g3 Rf8 27. Rd5 Qe1 28. Rf5 Qe6 29.
Rdd5 Qg6 30. Rde5 Qh7 31. Rf4 Rxa2 32. Re7 Ra3 33. Qxa3 1-0

[Event "*** Titled Tuesday Blitz"]
[Site "Chess.com"]
[Date "2020.05.05"]
[Round "8"]
[White "Camels1981"]
[Black "Jadeit90"]
[Result "1-0"]
[WhiteElo "2253"]
[BlackElo "2370"]
[TimeControl "180+1"]
[EndTime "11:35:37 PDT"]
[Termination "Camels1981 won by resignation"]

1. e4 g6 2. d4 Bg7 3. Nc3 c5 4. Nf3 cxd4 5. Nxd4 Nc6 6. Be3 Nf6 7. Nxc6 bxc6 8. e5 Nd5 9. Nxd5 cxd5 10. Qxd5 Rb8 11. Bc4 O-O 12. O-O-O d6 13. Bxa7 Be6 14. Qd3 Bxc4 15.
Qxc4 Rb7 16. Bd4 Qa8 17. exd6 exd6 18. Bxg7 Kxg7 19. Rxd6 Rc8 20. Qd4+ Kg8 21. a3 Rbc7 22. c3 Rc4 23. Qd5 Rxc3+ 24. bxc3 Qxa3+ 25. Kd1 Qa1+ 26. Ke2 Qxh1 27. Rd8+ Rxd8 28. Qxd8+ Kg7 29. Qd4+ Kg8 30. g3 Qxh2 31. c4 Qh5+ 32. g4 Qh4 33. c5 h5 34. c6 Qe7+ 35. Kf1 hxg4 36. Qd7 Qe4 37. c7 Qh1+ 38. Ke2 Qe4+ 39. Kd2 Qb4+ 40. Kd3 Qb3+ 41. Ke4 Qf3+ 42. Ke5 Qe2+ 43. Kd6 Qd2+ 44. Ke7 Qg5+ 45. Ke8 Qe5+ 46. Kd8 Qg5+ 47. Qe7 Qd5+ 48. Ke8 Qb5+ 49. Qd7 Qe5+ 50. Kd8 Qg5+ 51. Kc8 Qa5 52. Qd8+ Kh7 53. Qd4 Qf5+ 54. Kd8 Qg5+ 55. Ke8 Qf5 56. Kf8 Qc8+ 57. Qd8 1-0

[Event "*** Titled Tuesday Blitz"]
[Site "Chess.com"]
[Date "2020.05.05"]
[Round "8"]
[White "chessuriel"]
[Black "oneshot007"]
[Result "0-1"]
[WhiteElo "2224"]
[BlackElo "2405"]
[TimeControl "180+1"]
[EndTime "11:35:38 PDT"]
[Termination "oneshot007 won on time"]

1. e4 e5 2. Nf3 Nc6 3. Bc4 Nf6 4. d3 Be7 5. c3 O-O 6. Bb3 d6 7. Nbd2 h6 8. h3 a5 9. a4 Nh7 10. Nf1 Ng5 11. Ng3 Bf6 12. O-O Ra6 13. Nh5 Nxf3+ 14. Qxf3 Bg5 15. Qg3 Kh7 16. h4 Bf6 17. f4 Be6 18.
fxe5 Bxe5 19. Bf4 Rg8 20. Bxe5 Nxe5 21. Bc2 Ng6 22. d4 Qxh4 23. Qf3 Bg4 24. Qxf7 Bxh5 25. e5 Raa8 26. e6 Rae8 27. Bb3 Qg5 28. Rae1 Re7 29. Qf2 Rge8 30. d5 Bg4 31. c4 c6 32. Bc2 Kh8 33. Qd4 Ne5 34. Qe4 g6 35. c5 Bf5 36.
Qd4 dxc5 0-1

[Event "*** Titled Tuesday Blitz"]
[Site "Chess.com"]
[Date "2020.05.05"]
[Round "8"]
[White "CroissantNeuf"]
[Black "Boudicca64"]
[Result "0-1"]
[WhiteElo "2343"]
[BlackElo "2006"]
[TimeControl "180+1"]
[EndTime "11:35:38 PDT"]
[Termination "Boudicca64 won on time"]

1. Nf3 d5 2. g3 e6 3. Bg2 Nf6 4. O-O Be7 5. b3 O-O 6. Bb2 a5 7. c4 a4 8. Na3 axb3 9. axb3 c6 10. d3 Nbd7 11. Nc2 Rxa1 12. Qxa1 b5 13. Ba3 Bxa3 14. Qxa3 Bb7 15. Ra1 Qc7 16. Nfd4 Ra8 17. Qb2 bxc4 18. Rxa8+ Bxa8 19. bxc4 Qb6 20. Qa2 Bb7 21.
h3 h6 22. e3 Ne5 23. Ne1 c5 24. Ndf3 Nxf3+ 25. Bxf3 Qb4 26. cxd5 Qxe1+ 27. Kg2 Bxd5 28. Bxd5 Nxd5 29. Qa8+ Kh7 30. Qf8 Qe2 31. Qxc5 Qxd3 32.
Qc6 Qe4+ 33. Kh2 Qf3 34. Qc2+ g6 35. Kg1 Nxe3 36. fxe3 Qxg3+ 37. Kf1 Qxh3+ 38. Ke2 Qg2+ 0-1

[Event "*** Titled Tuesday Blitz"]
[Site "Chess.com"]
[Date "2020.05.05"]
[Round "8"]
[White "joksijoksi"]
[Black "suneebaker"]
[Result "1-0"]
[WhiteElo "2327"]
[BlackElo "2180"]
[TimeControl "180+1"]
[EndTime "11:35:39 PDT"]
[Termination "joksijoksi won on time"]

1. d4 Nf6 2. c4 g6 3. Nc3 d5 4. cxd5 Nxd5 5. e4 Nxc3 6. bxc3 Bg7 7. Bc4 c5 8. Ne2 O-O 9. Be3 Nc6 10. h4 Na5 11.
Bb3 Nxb3 12. axb3 cxd4 13. cxd4 b6 14. O-O Bb7 15. f3 e6 16. h5 Qd7 17. hxg6 hxg6 18.
Qd2 Rfd8 19. Rfd1 a5 20. Bg5 Rdc8 21. Bh6 Qb5 22. Bxg7 Kxg7 23. Qe3 Rc2 24. Rac1 Rac8 25. Rxc2 Rxc2 26. Nf4 Rb2 27. Rd3 Ba6 28. Rd2 Rxd2 29. Qxd2 Qxb3 30. Kh2 a4 31. Nh3 a3 32. Nf2 a2 33. Ng4 Kf8 34. Qg5 1-0

[Event "*** Titled Tuesday Blitz"]
[Site "Chess.com"]
[Date "2020.05.05"]
[Round "8"]
[White "51616516516"]
[Black "DonBroca"]
[Result "0-1"]
[WhiteElo "2278"]
[BlackElo "2137"]
[TimeControl "180+1"]
[EndTime "11:35:39 PDT"]
[Termination "DonBroca won on time"]

1. d4 Nf6 2. c4 e6 3. a3 c5 4. d5 g6 5. Nf3 Bg7 6. Nc3 O-O 7. e4 exd5 8. cxd5 Re8 9. Bd3 Nxe4 10.
Nxe4 f5 11. Bc2 fxe4 12. Ng5 d6 13. O-O Bf5 14. Re1 Nd7 15. Bxe4 Bxe4 16. Rxe4 Rxe4 17.
Nxe4 Ne5 18. Bg5 Qd7 19. Nf6+ Bxf6 20. Bxf6 Rf8 21. Bxe5 dxe5 22. Qd2 Rf4 23. Re1 Rd4 24. Qg5 Qxd5 25. h4 Rd1 26. Rxd1 Qxd1+ 27. Kh2 Qd6 28.
h5 e4+ 29. g3 Kf7 30. h6 Qe6 31. Qxc5 Qf5 32. Qc7+ Kf6 33. Qd8+ Kf7 34. Qc7+ Ke6 35. Qc8+ Ke5 36. Qb8+ Kf6 37. Qh8+ Kg5 38. Qd8+ Kxh6 0-1

[Event "*** Titled Tuesday Blitz"]
[Site "Chess.com"]
[Date "2020.05.05"]
[Round "8"]
[White "Arek_pacitan"]
[Black "124chess"]
[Result "1-0"]
[WhiteElo "2574"]
[BlackElo "2706"]
[TimeControl "180+1"]
[EndTime "11:35:40 PDT"]
[Termination "Arek_pacitan won by resignation"]

1. d4 d5 2. c4 e6 3. Nc3 c6 4.
Nf3 dxc4 5. a4 Bb4 6. Ne5 b5 7. e3 Nf6 8. axb5 cxb5 9. Qf3 Qd5 10. Qg3 O-O 11. f3 Bb7 12. Bd2 Qd8 13. Nxb5 Bxd2+ 14. Kxd2 Qb6 15. Bxc4 a6 16. Na3 Nc6 17. Nd3 Rfd8 18. Ke2 Nd5 19. Bxd5 Rxd5 20. Rhc1 Rad8 21. Rc3 a5 22. Nc4 Qb5 23. Rac1 Ba6 24. Kf2 Ne7 25. Nce5 f6 26. Ng4 Kh8 27. Qc7 R5d7 28. Qc5 h5 29. Nge5 fxe5 30. Qxb5 Bxb5 31. Nxe5 Nd5 32. Rc5 Rb7 33. Rxb5 Rxb5 34. Nf7+ Kh7 35. Nxd8 Rxb2+ 36. Kg3 Nxe3 37. Nxe6 Rxg2+ 38. Kf4 Nd5+ 39. Ke5 Nf6 40.
h4 a4 41. Ra1 Re2+ 42. Kd6 Ne8+ 43. Kd7 Nf6+ 44. Kd6 Re3 45. Rxa4 Rxf3 46. Ng5+ 1-0

[Event "*** Titled Tuesday Blitz"]
[Site "Chess.com"]
[Date "2020.05.05"]
[Round "8"]
[White "Zq1"]
[Black "maciek_92"]
[Result "1-0"]
[WhiteElo "2564"]
[BlackElo "2705"]
[TimeControl "180+1"]
[EndTime "11:35:40 PDT"]
[Termination "Zq1 won by resignation"]

1. d4 f5 2. Nf3 Nf6 3. Bg5 e6 4.
Nbd2 d5 5. e3 c6 6. c4 Bd6 7. Bd3 O-O 8. O-O Qe8 9. Qc2 Ne4 10.
Bf4 Be7 11. h3 Nd7 12. Rab1 Qh5 13. Ne5 g5 14. Bh2 Rf6 15. f3 Nxd2 16. Qxd2 Nxe5 17. Bxe5 Rh6 18. e4 dxe4 19. fxe4 g4 20. Be2 Bd7 21.
d5 Rf8 22. d6 Bd8 23. c5 Qg6 24. exf5 exf5 25. hxg4 Bg5 26. Bc4+ Be6 27. Qd3 f4 28. Qb3 Bxc4 29. Qxc4+ Qe6 30. b3 Re8 31. d7 Rd8 32.
Rbd1 Qxc4 33. bxc4 Re6 34. Bc7 Kf7 35. Bxd8 Bxd8 36. Rxf4+ Ke7 37. Kf2 Bc7 38. Kf3 Bd8 39. Re4 Rxe4 40. Kxe4 1-0

[Event "*** Titled Tuesday Blitz"]
[Site "Chess.com"]
[Date "2020.05.05"]
[Round "8"]
[White "Biranidun"]
[Black "atalz0"]
[Result "1-0"]
[WhiteElo "2699"]
[BlackElo "2477"]
[TimeControl "180+1"]
[EndTime "11:35:40 PDT"]
[Termination "Biranidun won on time"]

1. e4 d5 2. exd5 Nf6 3. d4 Nxd5 4. Nf3 Bg4 5. h3 Bh5 6. c4 Nb6 7. Nc3 e6 8. g4 Bg6 9. Ne5 c5 10. Nxg6 hxg6 11. d5 exd5 12. cxd5 Bd6 13. Qe2+ Qe7 14. Nb5 Qxe2+ 15. Bxe2 Nc8 16. Be3 Nd7 17. Rc1 b6 18. b4 Ke7 19. Nxd6 Kxd6 20. Bf4+ Ne5 21. bxc5+ bxc5 22. Bxe5+ Kxe5 23. Rxc5 Ne7 24. Bf3 Rac8 25. Rxc8 Rxc8 26. Kd2 Nxd5 27. Re1+ Kd6 28. Bxd5 Kxd5 29. Re7 a5 30. Rxf7 Rh8 31. Rxg7 Rxh3 32. Rxg6 Ra3 33.
Rg8 Ke4 34. Rf8 Rxa2+ 35. Kc3 Ra4 36. g5 Ke5 37. g6 Rg4 38. f4+ 1-0

[Event "*** Titled Tuesday Blitz"]
[Site "Chess.com"]
[Date "2020.05.05"]
[Round "8"]
[White "RobPeresian"]
[Black "Mikhail_Golubev"]
[Result "1-0"]
[WhiteElo "2319"]
[BlackElo "2508"]
[TimeControl "180+1"]
[EndTime "11:35:40 PDT"]
[Termination "RobPeresian won on time"]

1. e4 c5 2. Nf3 d6 3. Bb5+ Bd7 4. Bxd7+ Qxd7 5. O-O Nf6 6. Re1 Nc6 7. c3 e6 8. d3 Be7 9. Nbd2 O-O 10. Nf1 b5 11. Ng3 b4 12. d4 bxc3 13. bxc3 d5 14. e5 Ne4 15. Nxe4 dxe4 16. Rxe4 Qd5 17. Qe2 cxd4 18. Nxd4 Rac8 19. Bf4 Na5 20. Nb5 Nc4 21. a4 a6 22. Rd1 Qc5 23. Nd6 Nxd6 24. exd6 Bf6 25.
d7 Rc6 26. Be5 Rd8 27. Bxf6 gxf6 28. Rg4+ Kf8 29. Qd2 Qxc3 30. Qh6+ Ke7 31. Qxh7 Rd6 32. Rf1 R8xd7 33. Rg7 1-0

[Event "*** Titled Tuesday Blitz"]
[Site "Chess.com"]
[Date "2020.05.05"]
[Round "8"]
[White "djano"]
[Black "Harry_Rakkel"]
[Result "0-1"]
[WhiteElo "2430"]
[BlackElo "2622"]
[TimeControl "180+1"]
[EndTime "11:35:40 PDT"]
[Termination "Harry_Rakkel won by resignation"]

1. Nc3 d5 2. d4 Nf6 3. Bf4 e6 4. Nf3 Bd6 5. e3 O-O 6. Bd3 b6 7. O-O Bb7 8. Nb5 Bxf4 9. exf4 a6 10. Na3 c5 11. c3 Nc6 12. Nc2 Qd6 13. g3 Rfd8 14. Re1 a5 15. Ne5 cxd4 16. Nxd4 Nxd4 17. cxd4 g6 18. a3 Rdc8 19. Qb3 a4 20. Qd1 Ba6 21.
Bxa6 Rxa6 22. Rc1 Rc7 23. Re2 b5 24. Rec2 Raa7 25. Rc6 Rxc6 26. Rxc6 Qb8 27. Qc2 Kg7 28. Qc5 Ne4 29. Qc2 b4 30. f3 Nd6 31. Qc5 bxa3 32.
bxa3 Qb1+ 33. Kg2 Rb7 34. Qc1 Rb2+ 35. Kh3 Qa2 36. Ng4 h5 37. Rxd6 Qxa3 38. Qc7 Qxf3 39. Qxf7+ Kxf7 40. Ne5+ Ke7 41. Nxf3 Kxd6 0-1